 Seeded DCSS version 0.30.0-29-ga12c61a403 (webtiles) character file.

Game seed: 701750224110604655 (custom seed)

12177 valliere the Destroyer (level 11, -19/66 HPs)
             Began as a Tengu Air Elementalist on June 12, 2023.
             Was a High Priest of Vehumet.
             Demolished by a boulder beetle (26 damage)
             ... on level 10 of the Dungeon.
             The game lasted 00:44:11 (16356 turns).

valliere the Destroyer (Tengu Air Elementalist)    Turns: 16356, Time: 00:44:11

Health: -19/66     AC:  6    Str: 16    XL:     11   Next: 89%
Magic:  21/21      EV: 18    Int: 18    God:    Vehumet [*****.]
Gold:   494        SH:  0    Dex: 15    Spells: 7/22 levels left

rFire   . . .        v - +5 short sword "Qiynaa" {flame, Str+4 SInv}
rCold   . . .        (no shield)
rNeg    . . .        T - +0 steam dragon scales
rPois   +            R - +0 hat of Udeiwuwu {rPois Str+2}
rElec   .            (no cloak)
rCorr   .            (no gloves)
SInv    +            (boots unavailable)
Will    .....        (no amulet)
Stlth   ++           N - ring of wizardry
HPRegen 0.31/turn    G - +4 ring of slaying
MPRegen 0.17/turn

%: wizardry (x1)
@: confused, about to teleport, ambrosia-drunk, flying quickly and evasively,
quick
A: beak, talons 3, nimble flight
a: Renounce Religion


You were on level 10 of the Dungeon.
You worshipped Vehumet.
Vehumet was extremely pleased with you.
You visited 1 branch of the dungeon, and saw 11 of its levels.
You also visited: Sewer.

You collected 846 gold pieces.
You spent 352 gold pieces at shops.

Inventory:

Hand Weapons
 i - a +0 short sword
 t - a +2 dagger of venom
 v - the +5 short sword "Qiynaa" (weapon) {flame, Str+4 SInv}
   (You found it on level 4 of the Dungeon)

   Str:       It affects your strength (+4).
   SInv:      It lets you see invisible.
Missiles
 J - a throwing net
Armour
 a - a +0 robe
 y - a +0 leather armour
 R - the +0 hat of Udeiwuwu (worn) {rPois Str+2}
   (You found it on level 9 of the Dungeon)

   Str:       It affects your strength (+2).
   rPois:     It protects you from poison.
 T - +0 steam dragon scales (worn)
Jewellery
 h - a ring of positive energy
 G - a +4 ring of slaying (right hand)
 N - a ring of wizardry (left hand)
 P - a ring of protection from fire
 V - an amulet of magic regeneration
Wands
 w - a wand of digging (8)
 C - a wand of flame (25)
 K - a wand of iceblast (8)
 M - a wand of charming (14)
 Q - a wand of light (6)
 U - a wand of mindburst (6)
Scrolls
 c - 2 scrolls of immolation {unknown}
 e - 5 scrolls of teleportation
 j - 3 scrolls of brand weapon {unknown}
 k - 3 scrolls of blinking {unknown}
 m - 3 scrolls of fog {unknown}
 n - a scroll of magic mapping {unknown}
 q - a scroll of silence {unknown}
 s - 2 scrolls of enchant weapon {unknown}
 u - 3 scrolls of enchant armour {unknown}
 B - 2 scrolls of vulnerability {unknown}
 F - 6 scrolls of identify
 H - a scroll of noise {unknown}
 I - 2 scrolls of acquirement {unknown}
 L - a scroll of poison {unknown}
 S - a scroll of torment {unknown}
Potions
 b - a potion of magic
 d - 2 potions of might {unknown}
 f - 2 potions of resistance {unknown}
 g - 2 potions of brilliance {unknown}
 l - 2 potions of cancellation {unknown}
 o - 2 potions of haste
 p - a potion of heal wounds {unknown}
 r - a potion of mutation {unknown}
 x - 2 potions of invisibility {unknown}
 z - 2 potions of berserk rage {unknown}
 A - 2 potions of curing
 D - a potion of degeneration {unknown}
 O - 3 potions of attraction {unknown}


   Skills:
 + Level 6.4 Fighting
 + Level 7.1 Armour
 + Level 7.4 Dodging
 + Level 7.5 Stealth
 + Level 6.3 Spellcasting
 * Level 12.4 Conjurations
 + Level 9.4 Air Magic


You had 7 spell levels left.
You knew the following spells:

 Your Spells              Type           Power      Damage    Failure   Level
a - Shock                 Conj/Air       100%       1d9       1%          1
b - Swiftness             Air            39%        N/A       1%          3
c - Airstrike             Air            19%        2d(3-19)  1%          4
d - Volatile Blastmotes   Fire/Tloc      10%        2d10      4%          3
e - Flame Wave            Conj/Fire      28%        2d9       1%          4

Your spell library contained the following spells:

 Spells                   Type           Power      Damage    Failure   Level
 Magic Dart               Conj           100%       1d8       1%          1
 Momentum Strike          Conj/Tloc      56%        3d9       1%          2
 Static Discharge         Conj/Air       90%        2-6/arc   1%          2
 Mephitic Cloud           Conj/Pois/Air  32%        N/A       1%          3
 Apportation              Tloc           10%        N/A       4%          1
 Necrotise                Necr           20%        1d5       4%          1
 Summon Small Mammal      Summ           20%        N/A       4%          1
 Blink                    Tloc           10%        N/A       8%          2
 Call Imp                 Summ           10%        N/A       8%          2
 Lesser Beckoning         Tloc           10%        N/A       8%          2
 Gell's Gravitas          Tloc           5%         N/A       14%         3
 Teleport Other           Tloc           5%         N/A       14%         3
 Alistair's Intoxication  Tmut/Pois      3%         N/A       75%         5


Dungeon Overview and Level Annotations

Branches:
Dungeon (11/15)            Temple (0/1) D:6            Lair (0/5) D:11
    Orc (0/2) D:11          Sewer (visited)

Altars:
Dithmenos
Elyvilon
Fedhas
Hepliaklqana
Qazlal
Uskayaw
Vehumet
Yredelemnul
The Shining One

Shops:
D:1 =   D:6 **


Innate Abilities, Weirdness & Mutations

You have a beak for a mouth.
You have claws for feet.
Your magical nature lets you fly swiftly and evasively.


Message History

There is a stone staircase leading up here.
You fly upwards.
There is a stone staircase leading down here.
You start resting.
You start to feel a little faster.
You start resting.
You no longer feel sluggish.
You start resting.
Magic restored.
You fly downwards.
The orc shouts!
The boulder beetle bites you!
The boulder beetle waves its antennae.
The boulder beetle misses you.
There is a stone staircase leading up, spattered with blood here.
The boulder beetle completely misses you.
You fly upwards.
There is a stone staircase leading down here.
Casting: Shock (safe; 1% risk of failure)
Confirm with . or Enter, or press ? or * to list all spells.
Casting: Flame Wave (dangerous; 1% risk of failure)
Press: ? - help, Dir - look around, f - activate A wave of flame ripples out!
The flame wave engulfs the boulder beetle but does no damage. (Press . to intensify the flame waves.)
The boulder beetle bites you.
Unknown command.
A wave of flame ripples out!
The flame wave engulfs the boulder beetle but does no damage.
The boulder beetle closely misses you.
A wave of flame ripples out!
The flame wave engulfs the boulder beetle but does no damage.
The boulder beetle bites you!!
As you read the scroll of teleportation, it crumbles to dust.
You feel strangely unstable. The boulder beetle bites you!!
* * * LOW HITPOINT WARNING * * *
The boulder beetle curls into a ball and begins rolling!
You are confused.
You feel invigorated. The boulder beetle hits you!!
You die...

### ### #.# #.# #.# #.# #.#
#.# #.##############.#
#................############
#........°○B@................
###################..########
#(.# #.)# #.(# ####### #..#
#.....# #..# ###.#.#.### #(.#
#...#.#...## #..########


You could see a boulder beetle (rolling).

Vanquished Creatures
  A two-headed ogre (D:10)
  A boulder beetle (D:9)
  A deep elf zephyrmancer (D:9)
  A deep elf pyromancer (D:9)
  A cyclops (D:11)
  An unseen horror (D:11)
  6 trolls
  Grinder (D:4)
  2 vampires
  A shadow (D:11)
  2 wyverns (D:9)
  8 yaks
  A steam dragon (D:10)
  3 wargs (D:11)
  An acid dragon (D:8)
  A water moccasin (D:6)
  2 ice beasts
  4 black bears
  A swamp drake (D:9)
  5 orc warriors
  2 ogres (D:4)
  3 centaurs
  6 kobold brigands
  3 bullfrogs
  3 scorpions
  2 gnoll sergeants
  14 wights
  8 killer bees
  5 howler monkeys
  A crimson imp (D:9)
  6 hounds
  11 orc priests
  A jelly (D:4)
  An iron imp (D:9)
  2 gnoll boudas
  5 iguanas
  2 sleepcaps (D:5)
  12 orc wizards
  A sickly merfolk siren (Sewer)
  A malarious merfolk avatar (Sewer)
  28 gnolls
  9 adders
  A river rat (Sewer)
  3 shadow imps
  2 white imps
  4 worms
  3 dart slugs
  65 orcs
  6 endoplasms
  2 giant cockroaches (Sewer)
  5 goblins
  8 hobgoblins
  19 jackals
  5 quokkas
  6 ball pythons
  8 bats
  4 frilled lizards
  37 kobolds
  25 rats
373 creatures vanquished.

Vanquished Creatures (others)
  2 orcs (D:9)
2 creatures vanquished.

Grand Total: 375 creatures vanquished

Notes
Turn   | Place    | Note
-------+----------+-------------------------------------------
     0 | D:1      | valliere the Tengu Air Elementalist began the quest for the
                  | Orb.
     0 | D:1      | Reached XP level 1. HP: 10/10 MP: 4/4
   158 | D:1      | Reached skill level 2 in Conjurations
   158 | D:1      | Reached XP level 2. HP: 15/15 MP: 0/6
   454 | D:1      | Found Dumaxi's Jewellery Emporium.
   992 | D:1      | Reached XP level 3. HP: 20/20 MP: 5/7
  1346 | D:2      | Reached skill level 1 in Armour
  1346 | D:2      | Reached skill level 3 in Conjurations
  1346 | D:2      | Reached XP level 4. HP: 24/24 MP: 4/8
  1507 | D:2      | Identified the +9 bardiche of Wu Jian, Growing {freeze, rN+
                  | SInv}
  2148 | D:3      | Reached skill level 1 in Fighting
  2413 | D:3      | Identified the +1 war axe of Weak Prudence {flame, rPois
                  | Int-3 Dex+2 Stlth+}
  2426 | D:3      | Gained mutation: Your magical nature lets you fly swiftly
                  | and evasively. [Tengu growth]
  2426 | D:3      | Reached XP level 5. HP: 29/29 MP: 3/9
  2617 | D:3      | Found a glowing drain.
  2626 | Sewer    | Entered a sewer
  3762 | D:4      | Reached skill level 4 in Conjurations
  3827 | D:4      | Reached XP level 6. HP: 34/34 MP: 3/10
  3975 | D:4      | Found a hazy altar of Hepliaklqana.
  4080 | D:4      | Noticed Grinder
  4100 | D:4      | Killed Grinder
  4101 | D:4      | Reached skill level 5 in Conjurations
  4101 | D:4      | Reached skill level 5 in Air Magic
  4101 | D:4      | Reached XP level 7. HP: 14/40 MP: 2/12
  4215 | D:4      | Identified the +5 short sword "Qiynaa" {flame, Str+4 SInv}
  5059 | D:5      | Entered Level 5 of the Dungeon
  5292 | D:5      | Found a radiant altar of Vehumet.
  5300 | D:5      | Became a worshipper of Vehumet
  5354 | D:5      | Reached skill level 6 in Conjurations
  5354 | D:5      | Reached XP level 8. HP: 45/45 MP: 7/14
  5490 | D:5      | Found a basalt altar of Yredelemnul.
  5523 | D:5      | Learned a level 3 spell: Swiftness
  5613 | D:5      | Found a white marble altar of Elyvilon.
  5613 | D:5      | Found a stormy altar of Qazlal.
  5614 | D:5      | Found a glowing golden altar of the Shining One.
  5964 | D:5      | Reached * piety under Vehumet
  5964 | D:5      | Offered knowledge of Freeze by Vehumet.
  6477 | D:5      | Reached skill level 7 in Conjurations
  7004 | D:6      | Reached ** piety under Vehumet
  7005 | D:6      | Reached XP level 9. HP: 12/51 MP: 1/16
  7297 | D:6      | Found Zow Oto's General Store.
  7299 | D:6      | Found Arghoenn's Specific Store.
  7305 | D:6      | Bought a scroll of identify for 22 gold pieces
  7313 | D:6      | Offered knowledge of Poisonous Vapours by Vehumet.
  7520 | D:6      | Reached skill level 5 in Dodging
  7520 | D:6      | Reached skill level 5 in Stealth
  7520 | D:6      | Reached skill level 8 in Conjurations
  8077 | D:6      | Found a staircase to the Ecumenical Temple.
  8343 | D:6      | Offered knowledge of Frozen Ramparts by Vehumet.
  8472 | D:7      | Noticed a troll
  8517 | D:6      | Learned a level 4 spell: Airstrike
  8725 | D:7      | Reached *** piety under Vehumet
  8861 | D:6      | Reached skill level 9 in Conjurations
  9007 | D:7      | Reached skill level 5 in Armour
  9026 | D:7      | Killed a troll
  9027 | D:7      | Reached XP level 10. HP: 58/58 MP: 4/18
  9271 | D:7      | Found the +18 Lear's hauberk
  9481 | D:8      | Found a blossoming altar of Fedhas.
  9815 | D:8      | Offered knowledge of Volatile Blastmotes by Vehumet.
  9897 | D:8      | Learned a level 3 spell: Volatile Blastmotes
  9907 | D:8      | Reached skill level 5 in Spellcasting
 10223 | D:8      | Reached skill level 5 in Fighting
 10223 | D:8      | Reached skill level 10 in Conjurations
 10356 | D:1      | Bought a ring of wizardry for 330 gold pieces
 10872 | D:8      | Reached **** piety under Vehumet
 11505 | D:9      | Noticed a boulder beetle
 12536 | D:9      | Reached skill level 11 in Conjurations
 12536 | D:9      | Reached XP level 11. HP: 32/64 MP: 20/20
 12846 | D:9      | Killed a boulder beetle
 13063 | D:9      | Found a hide-covered altar of Uskayaw.
 13076 | D:9      | Offered knowledge of Flame Wave by Vehumet.
 13140 | D:9      | Learned a level 4 spell: Flame Wave
 13332 | D:9      | Noticed a deep elf zephyrmancer
 13348 | D:9      | Killed a deep elf zephyrmancer
 13478 | D:9      | Noticed a deep elf pyromancer
 13487 | D:9      | Killed a deep elf pyromancer
 13566 | D:9      | Identified the +0 hat of Udeiwuwu {rPois Str+2}
 13688 | D:10     | Entered Level 10 of the Dungeon
 13688 | D:10     | Found a shadowy altar of Dithmenos.
 14281 | D:10     | Noticed a two-headed ogre
 14299 | D:10     | Killed a two-headed ogre
 14794 | D:11     | Found a staircase to the Orcish Mines.
 15323 | D:11     | Reached skill level 12 in Conjurations
 15529 | D:11     | Noticed a cyclops
 15717 | D:11     | Found a staircase to the Lair.
 15736 | D:11     | Reached ***** piety under Vehumet
 16024 | D:11     | Noticed a cyclops
 16068 | D:11     | Killed a cyclops
 16191 | D:11     | Noticed a boulder beetle
 16353 | D:10     | HP: 3/66 [boulder beetle (22)]
 16356 | D:10     | Demolished by a boulder beetle

Illustrated notes

Levels and vault maps discovered:
D:1:      dpeg_arrival_orchard, layout_loops_ring, serial_shops, shop
D:2:      layout_loops_cross
D:3:      layout_basic, portal_sewer_entry_b, kennysheep_nub,
          serial_bayou_pond_d
D:4:      layout_loops_cross, mainiacjoe_overflow_brackets, uniq_grinder,
          uniq_crazy_yiuf_cottage
D:5:      lemuel_castle_with_subvaults [lemuel_castle_interior_carwin_2],
          layout_gridville, vehumet_crystals, lemuel_doored_altar,
          gammafunk_temple_overflow_forgotten, kennysheep_small_square
D:6:      layout_loops_cross, minmay_temple_entry_gardened_gates,
          chequers_jeans, nicolae_specific_store
D:7:      layout_rooms, minmay_liquid_box, hellmonk_guarded_unrand_lears
D:8:      layout_gridville, fedhas_altar_2, serial_park_tiny_pond, st_stairs_2
D:9:      layout_roguey, nicolae_uskayaw_dance_studio, hangedman_minor_magic
D:10:     layout_long_grid, amcnicky_altar_gilded, grunt_decor_cap
D:11:     minmay_the_grid_triangle_9x9_rhombus_full_mashed
          [minmay_the_grid_triangle_9x9_flanged_cone,
          minmay_the_grid_triangle_9x9_warning,
          minmay_the_grid_triangle_9x9_from_above,
          minmay_the_grid_triangle_9x9_sprig,
          minmay_the_grid_triangle_9x9_zippers_horizontal,
          minmay_the_grid_triangle_9x9_intruding_spiral,
          minmay_the_grid_triangle_9x9_wacky_v,
          minmay_the_grid_triangle_9x9_prize_special], layout_cave_pods,
          erik_lair_orcish_takeover, minmay_orc_entry_temple_small,
          grunt_tough_drop

Skill      XL: |  1  2  3  4  5  6  7  8  9 10 11 |
---------------+----------------------------------+-----
Conjurations   | 2 3 4 5 6 7 9 11 12 | 12.4
Armour         | 1 2 3 4 5 6 7 |  7.1
Fighting       | 1 2 3 4 5 6 |  6.4
Dodging        | 3 4 5 6 7 |  7.4
Stealth        | 3 4 5 6 7 |  7.5
Spellcasting   | 3 4 5 6 |  6.3
Air Magic      | 5 6 7 8 9 |  9.4

Action                     |  1- 3 |  4- 6 |  7- 9 | 10-12 || total
---------------------------+-------+-------+-------+-------++-------
  Melee: Short sword       |     7 |    13 |    64 |    38 ||   122
         Kick              |     2 |     2 |     9 |    11 ||    24
         Peck              |     1 |     4 |    12 |    10 ||    27
         Dagger            |       |     3 |       |       ||     3
         Punch             |       |       |       |     2 ||     2
   Cast: Shock             |    50 |   162 |   371 |   245 ||   828
         Airstrike         |       |       |     5 |    96 ||   101
         Volatile Blastmot |       |       |       |    23 ||    23
         Flame Wave        |       |       |       |     4 ||     4
         Swiftness         |       |       |       |     1 ||     1
    Use: Potion            |       |       |     2 |     1 ||     3
         Scroll            |       |       |       |     1 ||     1
   Stab: Sleeping          |       |       |       |     2 ||     2
         Distracted        |       |       |       |     1 ||     1
 Armour: Robe              |       |       |     2 |       ||     2
         Leather armour    |       |       |    14 |     2 ||    16
         Steam dragon scal |       |       |       |     5 ||     5
  Dodge: Dodged            |     6 |    13 |   134 |    76 ||   229
